 Dungeon Crawl Stone Soup version 0.26.0-10-g1f06aea511 (webtiles) character file.

Game seed: 5671860785211546911

6 CurlyBrace the Grasshopper (level 1, 0/9 HPs)
             Began as a Felid Warper on Jan 14, 2021.
             Slain by an adder zombie (3 damage)
             ... on level 5 of the Dungeon.
             The game lasted 00:02:23 (201 turns).

CurlyBrace the Grasshopper (Felid Warper)            Turns: 201, Time: 00:02:23

Health: 0/9        AC:  1    Str:  7    XL:     1   Next: 75%
Magic:  4/4        EV: 18    Int: 14    God:
Gold:   54         SH:  0    Dex: 15    Spells: 4/4 levels left
                                        Lives:  0   Deaths: 0

rFire    . . .     SeeInvis +     - Unarmed
rCold    . . .     Faith    .   (shield unavailable)
rNeg     . . .     Spirit   .   (armour unavailable)
rPois    .         Reflect  .   (helmet unavailable)
rElec    .         Harm     .   (cloak unavailable)
rCorr    .         Rampage  .   (gloves unavailable)
Will     .....                  (boots unavailable)
Stlth    ++........             (no amulet)
HPRegen  0.03/turn              (no ring)
MPRegen  0.09/turn              (no ring)

@: quick
A: very small, no armour, no weapons or thrown items, stealth, claws 1, fangs 3,
see invisible, speed 1, shaggy fur 1, sharp paws
a: no special abilities


You were on level 5 of the Dungeon.
You visited 1 branch of the dungeon, and saw 6 of its levels.

You collected 54 gold pieces.

Inventory:

Scrolls
 r - a scroll of identify
 x - 2 scrolls of remove curse


   Skills:
 - Level 2.0 Fighting
 - Level 3.2 Dodging
 + Level 1.1 Stealth
 * Level 2.4 Unarmed Combat
 - Level 2.0 Spellcasting
 - Level 4.4 Translocations


You had 4 spell levels left.
You didn't know any spells.
Your spell library contained the following spells:

 Spells                   Type           Power        Failure   Level
 Blink                    Tloc           N/A          6%          2
 Gell's Gravitas          Tloc           6%           12%         3
 Lesser Beckoning         Tloc           6%           12%         3
 Teleport Other           Tloc           13%          12%         3
 Passage of Golubria      Tloc           N/A          36%         4


Dungeon Overview and Level Annotations

Branches:
Dungeon (6/15)
 Temple: D:4-7

Altars:

Annotations:
D:5 Sigmund


Innate Abilities, Weirdness & Mutations

You cannot wear armour.
You are incapable of wielding weapons or throwing items.
Your paws allow you to move quietly. (Stealth)
You have sharp claws.
You have razor-sharp teeth.
You have supernaturally acute eyesight. (SInv)
You cover ground quickly.
You are covered in fur. (AC +1)
Your sharp claws are effective at attacking unaware monsters.


Message History

You are too injured to fight recklessly!
You closely miss the adder zombie.
The adder zombie is heavily damaged.
The adder zombie barely misses you.
You scratch the adder zombie but do no damage.
The adder zombie is heavily damaged.
The adder zombie bites you.
You completely miss the adder zombie.
The adder zombie is heavily damaged.
The adder zombie misses you.
You completely miss the adder zombie.
The adder zombie is heavily damaged.
The adder zombie closely misses you.
You closely miss the adder zombie.
The adder zombie is heavily damaged.
The adder zombie bites you.
You scratch the adder zombie. Your bite misses the adder zombie.
The adder zombie is almost destroyed.
The adder zombie bites you.
You die...

######### ##.$Z.....
#........(#
#.........####
#............#
#########............#
#......@............
#.######Z.........
##..#####.########
+.................
#...#####.########
#.........#
#.##......# #.
#......# #.........#


You could see an adder zombie.

Vanquished Creatures
  2 leopard geckos (D:3)
  A giant cockroach (D:3)
  A frilled lizard (D:3)
4 creatures vanquished.

Notes
Turn   | Place    | Note
-------+----------+-------------------------------------------
     0 | D:1      | CurlyBrace the Felid Warper began the quest for the Orb.
     0 | D:1      | Reached XP level 1. HP: 9/9 MP: 4/4
    78 | D:3      | Reached skill level 1 in Stealth
   113 | D:5      | Entered Level 5 of the Dungeon
   138 | D:5      | Noticed Sigmund
   182 | D:5      | Noticed an ice beast
   201 | D:5      | Slain by an adder zombie

Illustrated notes

Levels and vault maps discovered:
D:1:      dpeg_chamrin_arrival_tetris, layout_basic
D:2:      layout_rooms, zin_treasury, okawaru_metal_pillars_1_2,
          corexii_leaking_fountain, uniq_terence
D:3:      layout_basic, nicolae_overflow_hidden_temple, gammafunk_ghost_split
D:4:      layout_cave_pods, serial_column_ruins, column_ruins_hut_pillars,
          column_ruins_courtyard_long, column_ruins_open_tiny,
          column_ruins_columns_straight, column_ruins_open_large,
          column_ruins_open_tiny, column_ruins_grid_2
D:5:      layout_basic, lightli_ossuary_entry_decrepit_ruins,
          chequers_serial_rivers_micro_e, minmay_crossroads, uniq_sigmund,
          uniq_ijyb
D:6:      layout_basic, xom_confusion_cloud, serial_shops, nicolae_shop_crystal,
          uniq_edmund

Skill      XL: |  1 |
---------------+----+-----
Stealth        | 1 |  1.1
Fighting       | |  2.0
Dodging        | |  3.2
Unarmed Combat | |  2.4
Spellcasting   | |  2.0
Translocations | |  4.4

Action                   || total
-------------------------++-------
Melee: Unarmed           ||    21
       Bite              ||     2
  Use: Scroll            ||     4
Dodge: Dodged            ||    17
